 Dungeon Crawl Stone Soup version 0.30.1-11-g7821555f0a (webtiles) character file.

Game seed: 8497102364564484117

126 SacredBeard the Grave Robber (level 4, -1/32 HPs)
             Began as a Demonspawn Necromancer on Nov 3, 2023.
             Slain by a gnoll
             ... wielding a +0 spear
              (7 damage)
             ... on level 2 of the Dungeon.
             The game lasted 00:07:48 (2362 turns).

SacredBeard the Grave Robber (DsNe)                 Turns: 2362, Time: 00:07:49

Health: -1/32      AC:  4    Str:  8    XL:     4   Next: 84%
Magic:  1/7        EV: 12    Int: 20    God:
Gold:   44         SH:  0    Dex: 16    Spells: 6/7 levels left

rFire   . . .        j - +1 short sword (freeze)
rCold   . . .        (no shield)
rNeg    . . .        a - +0 robe
rPois   .            (helmet restricted)
rElec   .            (no cloak)
rCorr   .            c - +0 pair of gloves
SInv    .            h - +0 pair of boots
Will    .....        (no amulet)
Stlth   ++           (no ring)
HPRegen 0.25/turn    (no ring)
MPRegen 0.10/turn

%: no passive effects
@: no status effects
A: antennae 1, big brain 2
a: no special abilities


You were on level 2 of the Dungeon.
You visited 1 branch of the dungeon, and saw 2 of its levels.

You collected 44 gold pieces.

Inventory:

Hand Weapons
 j - a +1 short sword of freezing (weapon)
Armour
 a - a +0 robe (worn)
 c - a +0 pair of gloves (worn)
 h - a +0 pair of boots (worn)
 k - a +2 helmet
Jewellery
 f - an amulet of guardian spirit
Scrolls
 d - a scroll of noise {unknown}
 i - a scroll of immolation {unknown}
 n - a scroll of silence {unknown}
 o - a scroll of identify {unknown}
Potions
 b - a potion of magic
 e - 2 potions of curing {unknown}
 g - 2 potions of heal wounds {unknown}
 l - a potion of might {unknown}
 m - a potion of degeneration {unknown}


   Skills:
 + Level 1.4 Fighting
 + Level 1.0 Long Blades
 + Level 2.4 Dodging
 + Level 2.4 Stealth
 + Level 2.4 Spellcasting
 * Level 5.3 Necromancy


You had 6 spell levels left.
You knew the following spells:

 Your Spells              Type           Power      Damage    Failure   Level
a - Necrotise             Necr           92%        1d8       1%          1

Your spell library contained the following spells:

 Spells                   Type           Power      Damage    Failure   Level
 Sublimation of Blood     Necr           23%        N/A       2%          2
 Vampiric Draining        Necr           23%        2d7       4%          3
 Animate Dead             Necr           23%        N/A       17%         4
 Wereblood                Tmut           2%         N/A       22%         2
 Agony                    Necr           23%        N/A       43%         5
 Summon Hydra             Summ           1%         N/A       100%        7


Dungeon Overview and Level Annotations

Branches:
Dungeon (2/15) Zot: 9638

Altars:


Innate Abilities, Weirdness & Mutations

You have a pair of small antennae on your head.
You have an extremely huge brain. (Int +4)


Message History

The gnoll writhes in agony!
The adder bites your kobold skeleton.
The gnoll writhes in agony!
You kill the gnoll!
The dead are walking!
The adder bites your kobold skeleton.
Your kobold skeleton hits the adder but does no damage.
The gnoll writhes in agony.
The adder bites your kobold skeleton.
Your kobold skeleton is destroyed!
The adder writhes in agony.
The adder writhes in agony.
Your gnoll skeleton closely misses the gnoll.
You hit the adder.
The adder seems to slow down.
You freeze the adder.
You kill the adder!
Your Long Blades skill increases to level 1!
The gnoll closely misses you.
You hit the gnoll. You freeze the gnoll.
The gnoll is moderately wounded.
The gnoll hits you with a +0 spear.
The gnoll hits you from afar with a +0 halberd.
Your gnoll skeleton barely misses the gnoll.
You closely miss the gnoll.
The gnoll is moderately wounded.
The gnoll hits you with a +0 spear!
The gnoll hits you from afar with a +0 halberd!
* * * LOW HITPOINT WARNING * * *
Your gnoll skeleton closely misses the gnoll.
You barely miss the gnoll.
The gnoll is moderately wounded.
The gnoll completely misses you. The gnoll barely misses you.
You closely miss the gnoll.
The gnoll is moderately wounded.
Your gnoll skeleton hits the gnoll.
The gnoll hits you but does no damage. The gnoll closely misses you.
You hit the gnoll. You freeze the gnoll.
The gnoll is moderately wounded.
Your gnoll skeleton barely misses the gnoll.
The gnoll misses you. The gnoll barely misses you.
You hit the gnoll. You freeze the gnoll.
The gnoll is severely wounded.
The gnoll hits you with a +0 spear!
You die...

#.# ####.#### #
#########.......# .#
..........##.##.###.#
#####...####.....(..##
#.....# #.........#
##...## #.....###.
##.## #..#..# #@#
#..#..# #g# #.>#..# #
#g# #..##.###.## ..Z
#.........## ...).
##....###### ......!
####.## #
.........####...### #
'.........+........# #
##.........####...###
#


You could see 2 gnolls and a friendly gnoll skeleton.

Vanquished Creatures
  Natasha (D:2)
  Robin (D:2)
  An adder (D:2)
  A gnoll (D:2)
  2 dart slugs (D:1)
  5 ball pythons
  3 bats
  3 endoplasms
  4 giant cockroaches
  13 goblins
  7 hobgoblins
  4 jackals (D:1)
  2 kobolds
  2 quokkas
  A frilled lizard (D:2)
  5 rats
55 creatures vanquished.

Vanquished Creatures (collateral kills)
  An endoplasm (D:1)
  2 hobgoblins
3 creatures vanquished.

Grand Total: 58 creatures vanquished

Notes
Turn   | Place    | Note
-------+----------+-------------------------------------------
     0 | D:1      | SacredBeard the Demonspawn Necromancer began the quest for
                  | the Orb.
     0 | D:1      | Reached XP level 1. HP: 13/13 MP: 3/3
   169 | D:1      | Gained mutation: You have an unusually large brain. (Int
                  | +2) [demonic ancestry]
   169 | D:1      | Reached XP level 2. HP: 20/20 MP: 3/5
   670 | D:1      | Gained mutation: You have an extremely huge brain. (Int +4)
                  | [demonic ancestry]
   670 | D:1      | Reached XP level 3. HP: 20/25 MP: 2/6
   680 | D:1      | Reached skill level 1 in Fighting
  1216 | D:2      | Noticed Robin
  1258 | D:2      | Killed Robin
  1264 | D:2      | Reached skill level 5 in Necromancy
  1541 | D:2      | Gained mutation: You have a pair of small antennae on your
                  | head. [demonic ancestry]
  1541 | D:2      | Reached XP level 4. HP: 32/32 MP: 5/7
  1575 | D:2      | Noticed Natasha
  1585 | D:2      | Killed Natasha
  1928 | D:2      | Identified the +6 mace of the Twenty Xalams {flame, rPois
                  | Dex+3 SInv}
  2356 | D:2      | Reached skill level 1 in Long Blades
  2362 | D:2      | Slain by a gnoll

Illustrated notes

Levels and vault maps discovered:
D:1:      scummos_arrival_forest, layout_basic, minmay_tiny_reverse_x
D:2:      layout_loops_corners, nrook_loot_triangle,
          hangedman_decor_clover_reticule, chequers_serial_rivers_micro_c,
          uniq_natasha, uniq_robin

Skill      XL: |  1  2  3  4 |
---------------+-------------+-----
Stealth        | 2 |  2.4
Dodging        | 2 |  2.4
Fighting       | 1 |  1.4
Necromancy     | 5 |  5.3
Long Blades    | 1 |  1.0
Spellcasting   | |  2.4

Action                     |  1- 3 |  4- 6 || total
---------------------------+-------+-------++-------
  Melee: Unarmed           |    12 |       ||    12
         Short sword       |    84 |    17 ||   101
   Cast: Necrotise         |    53 |    20 ||    73
 Armour: Robe              |    27 |     5 ||    32
  Dodge: Dodged            |    47 |    13 ||    60
